[Event "Live Chess"]
[Site "Chess.com"]
[Date "2024.06.02"]
[Round "-"]
[White "StoreySniper"]
[Black "Queensandpawns"]
[Result "1-0"]
[WhiteElo "2479"]
[BlackElo "2241"]
[TimeControl "300"]
[EndTime "8:48:41 PDT"]
[Termination "StoreySniper won by checkmate"]

1. e4 e5 2. Nf3 Nf6 3. Nxe5 Nc6 4.
Nxc6 dxc6 5. d3 Bc5 6. Be2 h5 7. c3 Bb6 8. Be3 Bxe3 9. fxe3 Ng4 10. Bxg4 hxg4 11. g3 Qg5 12. Qe2 Be6 13. Nd2 O-O-O 14.
a3 Qb5 15. d4 Qxb2 16. O-O Qxc3 17. Rfc1 Qa5 18. Rc5 Qa4 19. Rac1 Qxa3 20. d5 cxd5 21. Rxc7+ Kb8 22. Rxb7+ Ka8 23. Rcb1 dxe4 24. Nf1 Rd3 25.
Qc2 Qa6 26. Qc7 Rdd8 27. Rxa7+ Qxa7 28. Qc6+ Qb7 29. Qxb7# 1-0

[Event "Live Chess"]
[Site "Chess.com"]
[Date "2024.06.02"]
[Round "-"]
[White "ZatixMajor"]
[Black "matt1979"]
[Result "0-1"]
[WhiteElo "2023"]
[BlackElo "1420"]
[TimeControl "300"]
[EndTime "8:48:43 PDT"]
[Termination "matt1979 won by resignation"]

1. c4 f5 2. g3 e6 3. Bg2 Nf6 4. Nc3 Nc6 5. e4 fxe4 6. Nxe4 Nxe4 7. Bxe4 Be7 8. Qh5+ Kf8 9. Nf3 Qe8 10. Qg4 g6 11. b3 Bf6 12. Qf4 Kg7 13. Rb1 d6 14. d4 Nxd4 15.
Qh6+ Kf7 16. Ng5+ Bxg5 17. Qxg5 d5 18. Bb2 e5 19. Bxd5+ Be6 20. Bxe6+ Qxe6 21. Qe3 Nc2+ 22. Ke2 Nxe3 23. fxe3 0-1

[Event "Live Chess"]
[Site "Chess.com"]
[Date "2024.06.02"]
[Round "-"]
[White "Pandreq"]
[Black "Zhevzh1k7"]
[Result "1-0"]
[WhiteElo "1227"]
[BlackElo "1122"]
[TimeControl "300"]
[EndTime "8:48:43 PDT"]
[Termination "Pandreq won by resignation"]

1. d4 Nf6 2. c4 e6 3. Nc3 d5 4. cxd5 exd5 5. Bf4 Nc6 6. e3 Bd6 7. Bxd6 Qxd6 8. Rb1 Bf5 9. Bd3 Bxd3 10. Qxd3 O-O 11. Nb5 Qb4+ 12. Nc3 Ne4 13. Ne2 Rfe8 14.
O-O Nxc3 15. Nxc3 Qa5 16. Qf5 Rad8 17. a3 Qb6 18. Nxd5 Qb5 19. Nf6+ gxf6 20. Qxb5 1-0

[Event "Live Chess"]
[Site "Chess.com"]
[Date "2024.06.02"]
[Round "-"]
[White "CheckThis4"]
[Black "Ferrarifan27"]
[Result "1/2-1/2"]
[WhiteElo "2675"]
[BlackElo "2153"]
[TimeControl "300"]
[EndTime "8:48:51 PDT"]
[Termination "Game drawn by repetition"]

1. d4 Nf6 2. Nc3 e6 3. e4 Bb4 4. e5 Nd5 5. Bd2 Nxc3 6. bxc3 Be7 7. Qg4 O-O 8. Bd3 Re8 9. Nf3 d6 10. h4 dxe5 11. dxe5 Nc6 12. Bxh7+ Kxh7 13. Ng5+ Bxg5 14. hxg5+ Kg8 15. Qh5 Kf8 16. Qh8+ Ke7 17. Qxg7 Rg8 18. Qf6+ Ke8 19. Qf4 Ne7 20. O-O-O Nd5 21. Qe4 Qe7 22. c4 Qa3+ 23. Kb1 Nb4 24. Bxb4 Qxb4+ 25. Kc1 Qa3+ 26. Kb1 Qb4+ 27. Kc1 Qa3+ 28. Kb1 Qb4+ 1/2-1/2

[Event "Live Chess"]
[Site "Chess.com"]
[Date "2024.06.02"]
[Round "-"]
[White "ACM42"]
[Black "HoarseyHorsey"]
[Result "1-0"]
[WhiteElo "2149"]
[BlackElo "1568"]
[TimeControl "300"]
[EndTime "8:48:56 PDT"]
[Termination "ACM42 won by resignation"]

1. e4 c5 2. Nf3 e6 3. d4 cxd4 4. Nxd4 Nf6 5. Nc3 Nc6 6. Nxc6 bxc6 7. e5 Nd5 8. Ne4 Qc7 9. f4 Be7 10. Bc4 O-O 11. O-O d6 12. exd6 Bxd6 13. Nxd6 Qxd6 14.
Bb3 Ba6 15. c4 Rad8 16. cxd5 Bxf1 17. Qxf1 cxd5 18. Be3 Rc8 19. Rd1 Rc7 20. Bd4 Rfc8 21. Be5 Qc6 22. Bxc7 Rxc7 23. h3 a5 24. a3 a4 25. Ba2 Qc5+ 26. Kh1 d4 27. f5 e5 28. f6 g6 29. Qe1 Rc6 30. Qf1 Qd6 31. Re1 Qc5 32. Bb1 Qb6 33. Rxe5 Re6 34. Rxe6 1-0

[Event "Live Chess"]
[Site "Chess.com"]
[Date "2024.06.02"]
[Round "-"]
[White "TigerTank70"]
[Black "davigator"]
[Result "1-0"]
[WhiteElo "2188"]
[BlackElo "2326"]
[TimeControl "300"]
[EndTime "8:48:59 PDT"]
[Termination "TigerTank70 won by resignation"]

1. e4 c5 2. d4 cxd4 3. c3 Nf6 4. e5 Nd5 5. Bc4 Nb6 6. Bb3 d5 7. cxd4 Nc6 8. Nc3 Bf5 9. Nge2 e6 10. Ng3 Bg6 11.
h4 h6 12. h5 Bh7 13. Be3 Be7 14. O-O O-O 15. Rc1 Rc8 16. Na4 Nxa4 17. Bxa4 Qb6 18. Bb3 Na5 19. Qg4 Kh8 20. Rxc8 Rxc8 21. Bxd5 Qxb2 22.
Bxe6 fxe6 23. Qxe6 Re8 24. Qf7 Qb5 25. d5 Bg8 26. Qg6 Qxd5 27. Qxe8 Qe6 28. Qg6 Qxe5 29. Nf5 Bf6 30. Bd4 Qe6 31. Nxg7 Qf7 32. Qxh6+ Bh7 33. Bxf6 Kg8 34. Qg5 1-0

[Event "Live Chess"]
[Site "Chess.com"]
[Date "2024.06.02"]
[Round "-"]
[White "friarnator"]
[Black "MagnersCarlsberg2870"]
[Result "1-0"]
[WhiteElo "2211"]
[BlackElo "1745"]
[TimeControl "300"]
[EndTime "8:49:03 PDT"]
[Termination "friarnator won by resignation"]

1. d4 d5 2. Nc3 Nf6 3. Bf4 c6 4. e3 Bf5 5. f3 h6 6. g4 Bh7 7. Bd3 Bxd3 8. Qxd3 g5 9. Bg3 Nbd7 10. O-O-O e6 11. h4 Bg7 12. Nge2 c5 13. dxc5 Nxc5 14. Qb5+ Ncd7 15. hxg5 hxg5 16. Rxh8+ Bxh8 17. Rh1 Bg7 18. Qxb7 Rb8 19. Bxb8 Nxb8 20. Qb4 a5 21. Qc5 Nbd7 22. Qd6 Bf8 23. Qa6 Qb8 24. Nd4 1-0

[Event "Live Chess"]
[Site "Chess.com"]
[Date "2024.06.02"]
[Round "-"]
[White "Dashman93"]
[Black "RamsayFlayer"]
[Result "0-1"]
[WhiteElo "2137"]
[BlackElo "1958"]
[TimeControl "300"]
[EndTime "8:49:11 PDT"]
[Termination "RamsayFlayer won by resignation"]

1. e4 e5 2. Bc4 Nf6 3. Nc3 Nxe4 4.
Qh5 Nd6 5. Qxe5+ Qe7 6. Qxe7+ Bxe7 7. Bb3 c6 8. Nf3 O-O 9. d4 Nf5 10. Bf4 d5 11. O-O-O Bd6 12. Be5 Nd7 13. g4 Bxe5 14.
dxe5 Ne7 15. Rhe1 Nc5 16. h3 Nxb3+ 17. axb3 Ng6 18. Nd4 Re8 19. Re3 Rxe5 20. Rxe5 Nxe5 21. Re1 f6 22. f4 Ng6 23. Re8+ Kf7 24. Rd8 Nxf4 25. Nf5 Bxf5 26. Rxa8 Be6 27. Rxa7 Nxh3 28. Rxb7+ Kg6 29. Rc7 Bxg4 30. Rxc6 Nf4 31. Rd6 Bf3 32. b4 h5 33. b5 h4 34. Rd8 h3 35. Rh8 Nh5 36. Nxd5 Bxd5 0-1

[Event "Live Chess"]
[Site "Chess.com"]
[Date "2024.06.02"]
[Round "-"]
[White "hapehansen"]
[Black "f4nomore"]
[Result "1-0"]
[WhiteElo "2249"]
[BlackElo "1294"]
[TimeControl "300"]
[EndTime "8:49:16 PDT"]
[Termination "hapehansen won by resignation"]

1. Nf3 g6 2. c4 Bg7 3. d4 d6 4.
Nc3 Nf6 5. g3 O-O 6. Bg2 Nbd7 7.
O-O a6 8. e4 Rb8 9. h3 b5 10.
cxb5 axb5 11. e5 dxe5 12. dxe5 b4 13. exf6 Nxf6 14. Qxd8 Rxd8 15. Na4 Ba6 16. Re1 e6 17. Nc5 Bc4 18. Ne5 Bd5 19. Nc6 Bxc6 20. Bxc6 Nd5 21.
Bg5 Rd6 22. Bxd5 Rxd5 23. Ne4 Bxb2 24. Rab1 Bg7 25. Nf6+ Bxf6 26. Bxf6 h5 27. Be5 Rbb5 28. Bxc7 Rd3 29. Re5 Rb7 30. Rc5 b3 31. axb3 Rbxb3 32. Rxb3 Rxb3 33. Be5 Rb1+ 34. Kg2 Rb7 35. Rc8+ 1-0

[Event "Live Chess"]
[Site "Chess.com"]
[Date "2024.06.02"]
[Round "-"]
[White "TheSmoulderingMaster"]
[Black "goldinspiredphoenix"]
[Result "0-1"]
[WhiteElo "1771"]
[BlackElo "1494"]
[TimeControl "300"]
[EndTime "8:49:24 PDT"]
[Termination "goldinspiredphoenix won by resignation"]

1. e4 e5 2. Nf3 Nc6 3. Bb5 d6 4.
O-O Nf6 5. h3 Be7 6. c3 Nxe4 7.
Re1 Nf6 8. d4 exd4 9. cxd4 O-O 10. Bg5 a6 11. Ba4 h6 12. Bh4 b5 13. Bb3 Bb7 14. Nc3 Nb8 15. d5 Nbd7 16. Qe2 Re8 17. Qd3 Nc5 18. Qc2 Nxb3 19. Qxb3 Qd7 20. Rad1 Nh5 21. Nd4 Bxh4 22. Qc2 Bf6 23. Nf5 Bxc3 24. bxc3 Nf6 25. Qd3 Bxd5 26. Re3 Be4 27. Rxe4 Nxe4 28. g4 Qc6 29. Qf3 Qxc3 30. Qf4 Qe5 31. Nxh6+ gxh6 32. Qxh6 Qg5 33. Qxg5+ Nxg5 34. Rd5 Nxh3+ 35. Kg2 Nf4+ 0-1

[Event "Live Chess"]
[Site "Chess.com"]
[Date "2024.06.02"]
[Round "-"]
[White "Pablo_dmp"]
[Black "Ginger_GM"]
[Result "0-1"]
[WhiteElo "1987"]
[BlackElo "2666"]
[TimeControl "300"]
[EndTime "8:49:26 PDT"]
[Termination "Ginger_GM won by resignation"]

1. e4 c5 2. a3 g6 3. Bc4 Bg7 4. Nc3 Nc6 5. d3 e6 6. Ba2 Nge7 7. h4 h6 8. h5 g5 9. f4 gxf4 10.
Bxf4 d5 11. Qg4 Bxc3+ 12. bxc3 e5 13. Qg7 Rg8 14. Qh7 exf4 15. Nf3 Be6 16. Rb1 Qd7 17.
Qxh6 O-O-O 18. Qxf4 dxe4 19. Qxe4 Bxa2 20. Rb2 Bd5 21.
Qf4 Rxg2 22. Kd1 Rf2 0-1

[Event "Live Chess"]
[Site "Chess.com"]
[Date "2024.06.02"]
[Round "-"]
[White "Ferrarifan27"]
[Black "ZatixMajor"]
[Result "1-0"]
[WhiteElo "2158"]
[BlackElo "2018"]
[TimeControl "300"]
[EndTime "8:49:27 PDT"]
[Termination "Ferrarifan27 won by resignation"]

1. e4 c5 2. Nf3 Nc6 3. b4 Nxb4 4. c3 Nc6 5. d4 cxd4 6. cxd4 e6 7.
d5 exd5 8. exd5 Nce7 9. d6 Ng6 10. Qe2+ Be7 11. dxe7 Qxe7 1-0

[Event "Live Chess"]
[Site "Chess.com"]
[Date "2024.06.02"]
[Round "-"]
[White "OliWally08"]
[Black "DylanMeyer1"]
[Result "0-1"]
[WhiteElo "1285"]
[BlackElo "1697"]
[TimeControl "300"]
[EndTime "8:49:34 PDT"]
[Termination "DylanMeyer1 won on time"]

1. e4 d5 2. e5 c5 3. d4 cxd4 4. Qxd4 Nc6 5. Qd1 a6 6. Nc3 g6 7. Nf3 e6 8. Bf4 Bg7 9. Qd2 Nge7 10. Bd3 O-O 11. h4 h5 12. O-O-O b5 13. Ne2 Qc7 14. Bh6 Nxe5 15. Bxg7 Nxd3+ 16. Qxd3 Kxg7 17. Qd4+ Kg8 18. g4 Nc6 19. Qc3 b4 20. Qc5 hxg4 21. Nfd4 Bb7 22.
h5 g5 23. h6 Kh7 24. Nxc6 Qxc6 25. Qd4 f6 26. Rh5 Rac8 27. Rd2 Qc4 28. Qe3 Qe4 29.
Qxe4+ dxe4 30. Rd7+ Kg6 31. Rxb7 Kxh5 32. h7 Rh8 33.
Ng3+ Kg6 34. Rd7 Rxh7 35. Rxh7 Kxh7 36. Nxe4 Kg6 37. Nd6 Rc6 0-1

[Event "Live Chess"]
[Site "Chess.com"]
[Date "2024.06.02"]
[Round "-"]
[White "booktrunk"]
[Black "Cruiseylee78"]
[Result "1-0"]
[WhiteElo "1484"]
[BlackElo "1670"]
[TimeControl "300"]
[EndTime "8:49:34 PDT"]
[Termination "booktrunk won by resignation"]

1. d4 d6 2. Nc3 Nd7 3. e4 e5 4. dxe5 dxe5 5. Nf3 c6 6. Bc4 h6 7. O-O Qc7 8. a3 Be7 9. Qe2 Ngf6 10. b4 Nf8 11.
Be3 g5 12. h3 Ng6 13. Nh2 Nf4 14. Bxf4 gxf4 15. Rad1 Rg8 16. g4 fxg3 17. fxg3 Rxg3+ 18. Kh1 Rxc3 19. Qg2 Rxc4 20. Qg7 Bd7 21. Rxf6 Bxf6 22.
Qxf6 Qd8 23. Qxe5+ Be6 24. Rxd8+ Rxd8 25. Qh8+ Ke7 26.
Qxh6 Rxc2 27. Qh4+ Kf8 28. Qxd8+ Kg7 29. Ng4 Rc3 30. Qf6+ Kf8 31. Qxc3 1-0

[Event "Live Chess"]
[Site "Chess.com"]
[Date "2024.06.02"]
[Round "-"]
[White "BishopofWells"]
[Black "FlyingChessKestrel13"]
[Result "1-0"]
[WhiteElo "1567"]
[BlackElo "2064"]
[TimeControl "300"]
[EndTime "8:49:51 PDT"]
[Termination "BishopofWells won by resignation"]

1. d4 d5 2. c4 dxc4 3. Nc3 a6 4. e4 e5 5. d5 Nf6 6. Bxc4 b5 7. Bd3 Bc5 8. h3 O-O 9. Nf3 Nbd7 10. Bg5 h6 11. Bh4 Qe7 12. O-O Qd6 13. a3 Bb7 14. Bg3 c6 15.
dxc6 Bxc6 16. Qc2 Rac8 17. Rad1 Qe6 18. b4 Bb6 19. Qb2 Bd4 20. Nxd4 exd4 21. Ne2 Bxe4 22.
Nxd4 Qb6 23. Bxe4 Nxe4 24. Nf5 Ndf6 25. Ne7+ Kh8 26. Nxc8 Nxg3 27. Nxb6 Nxf1 28. Kxf1 Rb8 29. Nd5 1-0

[Event "Live Chess"]
[Site "Chess.com"]
[Date "2024.06.02"]
[Round "-"]
[White "elephantgerrald"]
[Black "kylet1990"]
[Result "1-0"]
[WhiteElo "900"]
[BlackElo "774"]
[TimeControl "300"]
[EndTime "8:49:53 PDT"]
[Termination "elephantgerrald won by checkmate"]

1. e4 c6 2. d4 d5 3. e5 Bf5 4.
Nf3 e6 5. Be2 c5 6. dxc5 Bxc5 7.
O-O Nc6 8. Nc3 Nge7 9. Bb5 O-O 10. Bxc6 Nxc6 11. Re1 Qb6 12. b3 Bxf2+ 13. Kf1 Bxe1 14.
Qxe1 f6 15. exf6 Rxf6 16. Bb2 Rff8 17. Qg3 g6 18. Ne5 Nxe5 19. Qxe5 Qa6+ 20. Kg1 Bxc2 21. Nb5 Qb6+ 22. Kh1 Rf7 23. Nd6 Raf8 24. Nxf7 Rxf7 25. Qh8# 1-0

[Event "Live Chess"]
[Site "Chess.com"]
[Date "2024.06.02"]
[Round "-"]
[White "mychess51"]
[Black "FREDERICKtheMATE"]
[Result "0-1"]
[WhiteElo "1753"]
[BlackElo "2663"]
[TimeControl "300"]
[EndTime "8:49:56 PDT"]
[Termination "FREDERICKtheMATE won on time"]

1. d4 d5 2. Nf3 Nf6 3. g3 Bf5 4. Bg2 e6 5. O-O h6 6. c4 c6 7. Nc3 Nbd7 8. Qb3 Qb6 9. c5 Qxb3 10. axb3 Be7 11. h3 O-O 12. Kh2 Ne4 13. Nd2 Nxd2 14. Bxd2 e5 15. e3 Bf6 16. dxe5 Bxe5 17. b4 a5 18. bxa5 Nxc5 19. Ra3 Bd6 20. b4 Nd3 21. Rb3 Bxb4 22. e4 Bxc3 23. Rxc3 Bxe4 24. Bxe4 dxe4 25.
f3 Rfd8 26. fxe4 Ne5 27. Be3 Rxa5 28. Rf2 Rd1 29. Bf4 Nd3 30. Rd2 Rxd2+ 31. Bxd2 Ne5 32.
Rc2 Nf3+ 33. Kg2 Nxd2 34. Rxd2 g6 35. Kf3 Kg7 36. h4 Ra3+ 37. Kf4 Kf6 0-1

[Event "Live Chess"]
[Site "Chess.com"]
[Date "2024.06.02"]
[Round "-"]
[White "Colm_Buckley"]
[Black "Zhevzh1k7"]
[Result "1-0"]
[WhiteElo "1891"]
[BlackElo "1122"]
[TimeControl "300"]
[EndTime "8:50:20 PDT"]
[Termination "Colm_Buckley won by checkmate"]

1. d4 Nf6 2. c4 e6 3. Nc3 d5 4. Nf3 c6 5. cxd5 cxd5 6. Bf4 Nc6 7.
e3 Bd6 8. Bg5 h6 9. Bh4 O-O 10.
Bd3 Nb4 11. Bb1 Bd7 12. a3 Nc6 13. O-O Be7 14. Qd3 Qc7 15. Bxf6 Bxf6 16. Qh7# 1-0

[Event "Live Chess"]
[Site "Chess.com"]
[Date "2024.06.02"]
[Round "-"]
[White "Lexram8"]
[Black "OnlyTheHurf"]
[Result "0-1"]
[WhiteElo "1570"]
[BlackElo "1146"]
[TimeControl "300"]
[EndTime "8:50:24 PDT"]
[Termination "OnlyTheHurf won by checkmate"]

1. d4 Nf6 2. e3 d6 3. Bd3 g6 4. f4 Bg7 5. Nf3 O-O 6. Nbd2 c6 7.
O-O Bg4 8. c3 Re8 9. e4 Nbd7 10.
Qe1 e5 11. fxe5 dxe5 12. Qe3 Bxf3 13. Nxf3 exd4 14. cxd4 Ng4 15. Qe2 Ndf6 16. e5 Nd5 17. h3 Nh6 18. Bg5 f6 19. exf6 Nxf6 20. Ne5 Qxd4+ 21.
Kh1 Rxe5 22. Bxf6 Bxf6 23. Qf2 Qxf2 24. Rxf2 Rf8 25. Raf1 Nf5 26. g4 Ng3+ 27. Kg2 Nxf1 28. Rxf1 Re3 29. Bc4+ Kg7 30. h4 Bxb2 31. Rd1 Re7 32.
g5 b5 33. Bb3 Re2+ 34. Kg3 Bc3 35. Rd7+ Kh8 36. h5 Be5+ 37. Kh4 Rf4+ 38. Kg3 Rd4+ 39. Kf3 Rxd7 40. Kxe2 Bf4 41. Be6 Rd2+ 42. Kf3 Bxg5 43. hxg6 hxg6 44. Bf7 Kg7 45. Bb3 a5 46. a4 Rd3+ 47.
Ke4 Rxb3 48. Ke5 Ra3 49. axb5 Ra4 50. bxc6 Rc4 51. Kd6 a4 52. c7 Bf4+ 53. Kd5 Rxc7 54.
Kd4 Rc8 55. Ke4 Bh6 56. Kf3 a3 57. Kg4 a2 58. Kf3 a1=Q 59. Ke4 Qf1 60. Kd4 g5 61. Ke5 g4 62. Ke4 g3 63. Kd4 g2 64. Kd5 g1=Q 65. Ke4 Qgf2 66. Ke5 Q1e1+ 67. Kd5 Qfd2# 0-1

[Event "Live Chess"]
[Site "Chess.com"]
[Date "2024.06.02"]
[Round "-"]
[White "Plimsol"]
[Black "E2E4colchester"]
[Result "1-0"]
[WhiteElo "2390"]
[BlackElo "1006"]
[TimeControl "300"]
[EndTime "8:50:31 PDT"]
[Termination "Plimsol won by resignation"]

1. Nf3 c5 2. e3 Nc6 3. b3 e5 4. Bb2 d6 5. d3 Nf6 6. c4 g6 7.
Be2 Bg7 8. O-O a6 9. a3 b5 10. Nbd2 O-O 11. Qc2 Re8 12. Rfe1 d5 13. cxd5 Nxd5 14.
Ne4 Qe7 15. Qxc5 Qxc5 16. Nxc5 e4 17. dxe4 Bxb2 18. exd5 Bxa1 19. Rxa1 Rd8 20. dxc6 Rd5 21. Rc1 Bf5 22. e4 Bxe4 23. Nxe4 Re5 24. Nxe5 1-0

[Event "Live Chess"]
[Site "Chess.com"]
[Date "2024.06.02"]
[Round "-"]
[White "Inglaterra"]
[Black "beltmanjb"]
[Result "1-0"]
[WhiteElo "2051"]
[BlackElo "1731"]
[TimeControl "300"]
[EndTime "8:50:41 PDT"]
[Termination "Inglaterra won by resignation"]

1. e4 c5 2. Nf3 Nc6 3. Bb5 Nf6 4. d3 g6 5. O-O Bg7 6. Re1 O-O 7. Bxc6 dxc6 8. Be3 b6 9. h3 e5 10. Nbd2 Ne8 11.
a4 a5 12. Nc4 Ba6 13. Ncxe5 Nc7 14. Qd2 Ne6 15. Ng4 Nd4 16. Nxd4 cxd4 17. Bh6 Qh4 18. Bg5 Qh5 19. e5 f5 20. exf6 Bh8 21. Re7 1-0

[Event "Live Chess"]
[Site "Chess.com"]
[Date "2024.06.02"]
[Round "-"]
[White "best137"]
[Black "Crowded_House"]
[Result "1-0"]
[WhiteElo "1535"]
[BlackElo "1636"]
[TimeControl "300"]
[EndTime "8:51:01 PDT"]
[Termination "best137 won by checkmate"]

1. c4 e6 2. d4 d5 3. Nc3 c6 4. Nf3 Nf6 5. Bg5 Be7 6. e3 O-O 7. cxd5 exd5 8. Be2 Nbd7 9. O-O Nb6 10. h4 Bf5 11. Ne5 h6 12. Bxf6 Bxf6 13. g4 Bxe5 14. dxe5 Be6 15. h5 f6 16. exf6 Qxf6 17. f4 Nc4 18.
Bxc4 dxc4 19. Ne4 Qxb2 20. g5 hxg5 21. fxg5 Bd5 22. Qg4 Bxe4 23. Qxe4 Rxf1+ 24. Rxf1 Qe2 25. h6 gxh6 26. Qe6+ Kh8 27. Qxh6+ Kg8 28. Qe6+ Kh8 29.
Rf2 Qe1+ 30. Kg2 Rg8 31. Qh6# 1-0

[Event "Live Chess"]
[Site "Chess.com"]
[Date "2024.06.02"]
[Round "-"]
[White "ProfPoisson"]
[Black "bonantagulo"]
[Result "0-1"]
[WhiteElo "1352"]
[BlackElo "2233"]
[TimeControl "300"]
[EndTime "8:51:03 PDT"]
[Termination "bonantagulo won on time"]

1. e4 e6 2. d4 d5 3. e5 c5 4. c3 Nc6 5. Nf3 Qb6 6. Bd3 cxd4 7. O-O Bd7 8. Re1 Nge7 9. h4 h5 10. Nbd2 dxc3 11. bxc3 Qc7 12. Nb3 g6 13. Ba3 Bg7 14. Bxe7 Nxe7 15. Rc1 O-O 16. c4 dxc4 17. Rxc4 Bc6 18.
Be4 Qb6 19. Bxc6 Nxc6 20. Qe2 Rac8 21. Rec1 Ne7 22. Rxc8 Rxc8 23. Rxc8+ Nxc8 24. Ng5 Qc7 25. Qb5 Bxe5 26. Qe8+ Kg7 27. g3 Nb6 28. Nd2 Qd7 29. Qxd7 Nxd7 30. Ndf3 Bf6 31. Ne4 b5 32. Nd6 b4 33.
Kf1 Be7 34. Nb5 a5 35. Ke2 Nc5 36. Nfd4 Bf6 37. Ke3 a4 38. f3 b3 39. axb3 axb3 40. Kd2 Bxd4 41. Nxd4 Kf6 42. Kc3 Ke5 43. Nc6+ Kd5 44.
Nd8 f6 45. Nf7 e5 46. g4 e4 47. fxe4+ Kxe4 48. gxh5 gxh5 49. Nd6+ Kf4 50. Nc4 Kg4 51.
Ne3+ Kxh4 52. Ng2+ Kg3 53. Ne3 h4 54. Nf1+ Kg2 55.
Ne3+ Kf3 56. Nf1 h3 57. Kb2 Kg2 58. Ne3+ Kg3 59. Nf1+ Kf2 60. Nh2 Kg1 61. Ng4 Ne4 62.
Kxb3 Nf2 63. Nh2 Kxh2 64. Kc3 Kg2 65. Kd4 h2 66. Kd5 h1=Q 67. Ke6 Qh3+ 68. Kxf6 Qf3+ 69.
Ke6 Kg3 70. Kd7 Qf4 71. Kc6 Kg4 72. Kb5 Qf5+ 0-1

[Event "Live Chess"]
[Site "Chess.com"]
[Date "2024.06.02"]
[Round "-"]
[White "mychess51"]
[Black "BishopofWells"]
[Result "0-1"]
[WhiteElo "1716"]
[BlackElo "1579"]
[TimeControl "300"]
[EndTime "8:51:05 PDT"]
[Termination "BishopofWells won by resignation"]

1. d4 d5 2. Nf3 Bg4 3. g3 Bxf3 4. Bg2 Bxg2 5. c4 Bxh1 6. cxd5 Bxd5 7. Nc3 Nf6 8. Qa4+ Bc6 9. Qb5 Bxb5 10. Nd5 Nxd5 11. a3 0-1

[Event "Live Chess"]
[Site "Chess.com"]
[Date "2024.06.02"]
[Round "-"]
[White "McFim"]
[Black "willc-h99"]
[Result "0-1"]
[WhiteElo "1819"]
[BlackElo "2546"]
[TimeControl "300"]
[EndTime "8:51:08 PDT"]
[Termination "willc-h99 won by resignation"]

1. e4 d5 2. exd5 Qxd5 3. Nc3 Qd6 4. Bc4 Nf6 5. d4 a6 6. a3 b5 7. Bb3 Bb7 8. f3 Nbd7 9. Nge2 e6 10. Be3 c5 11. dxc5 Qxd1+ 12. Rxd1 Bxc5 13. Bxc5 Nxc5 14. Ba2 Ke7 15. O-O Rhd8 16. Rxd8 Rxd8 17. Rd1 Rxd1+ 18.
Nxd1 Nd5 19. b4 Na4 20. Kf2 Ndb6 21. Bb3 Kd6 22. Ke3 Bd5 23. Bxd5 Kxd5 24. Kd3 Nc4 25. Nec3+ Nxc3 26. Nxc3+ Ke5 27. Nb1 Kf4 28. Ke2 f5 29. g3+ Ke5 30. Kd3 Kd5 31. Nc3+ Kc6 32. Nb1 e5 33. a4 Nb2+ 34. Kd2 Nxa4 35. c3 Nb2 36. Na3 Nc4+ 37. Nxc4 bxc4 38. Ke3 Kd5 39. h4 g6 40. Ke2 h6 41. Ke3 g5 42. hxg5 hxg5 43. Ke2 f4 44. gxf4 gxf4 45. Kd2 e4 46. fxe4+ Kxe4 47. Ke2 f3+ 0-1

[Event "Live Chess"]
[Site "Chess.com"]
[Date "2024.06.02"]
[Round "-"]
[White "Queensandpawns"]
[Black "JohanKjeldahl"]
[Result "1-0"]
[WhiteElo "2242"]
[BlackElo "1830"]
[TimeControl "300"]
[EndTime "8:51:09 PDT"]
[Termination "Queensandpawns won by resignation"]

1. e4 c5 2. d4 cxd4 3. c3 dxc3 4. Bc4 e6 5. Nf3 Nc6 6. Nxc3 Bc5 7. O-O Nf6 8. e5 Ng4 9. Ne4 Be7 10. Bf4 f5 11. exf6 Nxf6 12. Nd6+ Bxd6 13. Bxd6 b6 14. Re1 Kf7 15. Ng5+ Kg6 16. h4 Bb7 17. Qd3+ Kh6 18. Nf7+ Kh5 19. Nxd8 Raxd8 20. Qf3+ 1-0

[Event "Live Chess"]
[Site "Chess.com"]
[Date "2024.06.02"]
[Round "-"]
[White "joellloyd"]
[Black "RichardABates"]
[Result "0-1"]
[WhiteElo "1854"]
[BlackElo "2365"]
[TimeControl "300"]
[EndTime "8:51:11 PDT"]
[Termination "RichardABates won on time"]

1. e4 c5 2. d4 cxd4 3. c3 Nf6 4. e5 Nd5 5. Nf3 e6 6. cxd4 d6 7. a3 dxe5 8. dxe5 Nd7 9. Bc4 N7b6 10. Bd3 Bd7 11. O-O Be7 12. b4 Rc8 13. Bb2 O-O 14. Nbd2 Ba4 15. Qb1 h6 16. Rc1 Nf4 17. Bf1 Qd5 18.
g3 Ng6 19. Bg2 Rxc1+ 20. Qxc1 Rc8 21. Qe1 Qd3 22. Rc1 Bg5 23. Rxc8+ Nxc8 24. Nxg5 hxg5 25. Bxb7 Nce7 26. Be4 Qd7 27. Nc4 Bc6 28. Bxc6 Qxc6 29. Nd6 Qc2 30. Qc1 Qb3 31. Qc7 Qxb2 32. Qd8+ Kh7 33.
Nxf7 Qb1+ 34. Kg2 Qe4+ 35. Kg1 Qf5 0-1

[Event "Live Chess"]
[Site "Chess.com"]
[Date "2024.06.02"]
[Round "-"]
[White "NottheBishopSacrifice"]
[Black "CarmelJane"]
[Result "1-0"]
[WhiteElo "2341"]
[BlackElo "2040"]
[TimeControl "300"]
[EndTime "8:51:15 PDT"]
[Termination "NottheBishopSacrifice won by resignation"]

1. d4 g6 2. Nf3 Bg7 3. e4 c5 4. c3 cxd4 5. cxd4 d5 6. e5 Bg4 7. Nc3 a6 8. Be2 Nc6 9. O-O Bxf3 10. Bxf3 e6 11. Be3 Nh6 12. Be2 Nf5 13. Qd3 O-O 14. Bg4 Nxe3 15. fxe3 Qg5 16. Bh3 Nb4 17.
Qd2 Rac8 18. a3 Nc6 19. Rf4 Qe7 20. Raf1 Qd8 21. Qf2 Rc7 22. Qf3 Na5 23. Qf2 Qe7 24. Na4 Nc4 25. Nc5 Rxc5 26. dxc5 Bxe5 27. b4 Bxf4 28. exf4 Qf6 29. Qg3 Nd2 30. Re1 Ne4 31. Qe3 Qb2 32. g3 Qd2 33. Bg2 Qxe3+ 34. Rxe3 Nc3 35. Rxc3 d4 1-0

[Event "Live Chess"]
[Site "Chess.com"]
[Date "2024.06.02"]
[Round "-"]
[White "Hoogleboogle"]
[Black "Purple1szed"]
[Result "0-1"]
[WhiteElo "1194"]
[BlackElo "1998"]
[TimeControl "300"]
[EndTime "8:51:24 PDT"]
[Termination "Purple1szed won by resignation"]

1. d4 d5 2. c4 c6 3. Nc3 Nf6 4. Bf4 dxc4 5. e3 b5 6. e4 b4 7. Na4 Nxe4 8. f3 Nf6 9. Bxc4 Bf5 10. Nc5 e6 11. Ne2 Be7 12. Ng1 O-O 13. Bg5 h6 14.
Bh4 Nbd7 15. Bxf6 Nxf6 16. b3 Bxc5 17. dxc5 Qxd1+ 18. Rxd1 Rfd8 19. Rxd8+ Rxd8 20. Ne2 Bd3 21. Bxd3 Rxd3 22. O-O Nd5 23. h4 Rd2 24. Nc1 Ne3 25. Re1 Nxg2 26. Re2 Rxe2 27. Nxe2 Nxh4 28. Kf2 Nf5 29.
Nf4 g5 30. Nh5 Nd4 31. Nf6+ Kg7 32. Ne8+ Kg6 33. Nd6 f5 34. Nc8 a5 0-1

[Event "Live Chess"]
[Site "Chess.com"]
[Date "2024.06.02"]
[Round "-"]
[White "Karasyov2"]
[Black "gobbles19"]
[Result "0-1"]
[WhiteElo "1314"]
[BlackElo "2245"]
[TimeControl "300"]
[EndTime "8:51:30 PDT"]
[Termination "gobbles19 won by resignation"]

1. e4 c5 2. c3 e6 3. d4 Nf6 4. e5 Nd5 5. Nf3 Nc6 6. Be2 Be7 7. O-O O-O 8. Re1 d6 9. Qd3 cxd4 10. cxd4 Qc7 11. exd6 Bxd6 12. Be3 Ncb4 13. Qb3 Nxe3 14. fxe3 Qc2 15. Nbd2 Qxb3 16. Nxb3 Nc2 17. Rec1 Nxa1 18. Rxa1 Bd7 19. Rc1 Rac8 20. Rxc8 Rxc8 21. Kf2 Rc2 22. Na5 Bb5 23. Ng1 Bxh2 24. Kf3 Bxg1 25. Bxb5 Rxb2 0-1

[Event "Live Chess"]
[Site "Chess.com"]
[Date "2024.06.02"]
[Round "-"]
[White "lateforthesky"]
[Black "jumush"]
[Result "1-0"]
[WhiteElo "2073"]
[BlackElo "1730"]
[TimeControl "300"]
[EndTime "8:51:34 PDT"]
[Termination "lateforthesky won by resignation"]

1. e4 d5 2. exd5 Qxd5 3. Nc3 Qa5 4. b4 Qxb4 5. Rb1 Qd6 6. Bd3 c6 7. Nf3 Qc7 8. h3 Be6 9. O-O Nd7 10. Re1 Ngf6 11. Rxe6 fxe6 12. Qe2 e5 13. Bf5 g6 14. Be6 Bg7 15. Ba3 Nh5 16. g3 Bf6 17. Ne4 Ng7 18. Bb3 O-O-O 19. c3 Rhf8 20. d4 exd4 21.
cxd4 Kb8 22. Bb2 Nf5 23. g4 Nd6 24. Ng3 Ka8 25. a4 Nb6 26. Bc3 Nd5 27. Be1 Nf4 28. Qd2 Nc8 29. Kh2 h5 30. g5 Bg7 31. h4 Qd7 32.
Ng1 Qxd4 33. Qxd4 Rxd4 34. Bc3 e5 35. Bxd4 exd4 36. Ne4 Be5 37. Kh1 Nd6 38. Nf3 Nxe4 39. Nxe5 Nxf2+ 40. Kg1 Ne2+ 41. Kg2 Nc3 42. Rf1 d3 43. Nxd3 Nce4 44. Nxf2 Rxf2+ 45. Rxf2 Nxf2 46. Kxf2 Kb8 47. Bf7 Kc7 48. Bxg6 Kd6 49. Bxh5 1-0